 Dungeon Crawl Stone Soup version 0.29-a0-284-gf9362112df (webtiles) character file.

Game seed: 18257915247350859976

22 rabbitsville the Slinger (level 2, -5/23 HPs)
             Began as a Gnoll Wanderer on Mar 16, 2022.
             Was a Follower of Kikubaaqudgha.
             Slain by a gnoll
             ... wielding a +0 flail
              (10 damage)
             ... on level 1 of the Dungeon.
             The game lasted 00:06:46 (879 turns).

rabbitsville the Slinger (Gnoll Wanderer)            Turns: 879, Time: 00:06:47

Health: -5/23      AC:  8    Str:  8    XL:     2   Next: 91%
Magic:  5/5        EV:  8    Int: 11    God:    Kikubaaqudgha [*.....]
Gold:   59         SH:  0    Dex: 14    Spells: 6/6 levels left

rFire   . . .      SeeInvis .   a - +3 hunting sling
rCold   . . .      Faith    .   (no shield)
rNeg    . . .      Spirit   .   b - +0 scale mail
rPois   .          Reflect  .   d - +0 helmet
rElec   .          Harm     .   (no cloak)
rCorr   .          Rampage  .   (no gloves)
Will    .....                   (no boots)
Stlth   +.........              (no amulet)
HPRegen 0.07/turn               (no ring)
MPRegen 0.09/turn               (no ring)

@: no status effects
A: fangs 1, strong nose, distributed training
a: Renounce Religion, Receive Corpses


You were on level 1 of the Dungeon.
You worshipped Kikubaaqudgha.
Kikubaaqudgha was aware of your devotion.
You visited 1 branch of the dungeon, and saw 2 of its levels.

You collected 59 gold pieces.

Inventory:

Hand Weapons
 a - a +3 hunting sling (weapon)
 e - a +0 spear
Armour
 b - a +0 scale mail (worn)
 d - a +0 helmet (worn)
Scrolls
 c - a scroll of fear
Potions
 f - a potion of attraction {unknown}


   Skills:
 + Level 2.5 Fighting
 + Level 0.5 Short Blades
 + Level 0.5 Long Blades
 + Level 0.5 Axes
 + Level 0.5 Maces & Flails
 + Level 0.5 Polearms
 + Level 0.5 Staves
 + Level 8.5 Slings
 + Level 0.5 Bows
 + Level 0.5 Crossbows
 + Level 0.5 Throwing
 + Level 4.5 Armour
 + Level 0.5 Dodging
 + Level 2.3 Stealth
 + Level 0.5 Shields
 + Level 0.5 Unarmed Combat
 + Level 2.7 Spellcasting
 + Level 0.4 Conjurations
 + Level 0.4 Hexes
 + Level 0.4 Summonings
 + Level 0.4 Necromancy
 + Level 0.4 Translocations
 + Level 0.4 Transmutations
 + Level 0.4 Fire Magic
 + Level 0.4 Ice Magic
 + Level 0.4 Air Magic
 + Level 0.4 Earth Magic
 + Level 0.4 Poison Magic
 + Level 2.5 Invocations
 + Level 0.5 Evocations


You had 6 spell levels left.
You didn't know any spells.
Your spell library contained the following spells:

 Spells                   Type           Power      Damage    Failure   Level
 Animate Skeleton         Necr           4%         N/A       88%         1
 Pain                     Necr           8%         1d4       88%         1
 Sublimation of Blood     Necr           2%         N/A       96%         2
 Vampiric Draining        Necr           2%         2d6       99%         3
 Agony                    Necr           2%         N/A       100%        5


Dungeon Overview and Level Annotations

Branches:
Dungeon (2/15)

Altars:
Kikubaaqudgha


Innate Abilities, Weirdness & Mutations

You have very sharp teeth.
Your uncanny sense of smell can sniff out nearby items.
Your experience applies equally to all skills.


Message History

You kill the kobold!
Kikubaaqudgha accepts your kill.
Fire: a) +3 hunting sling
Press: ? - help, Q - select action, (/) - cycle Shift-Dir - straight line, f - rat
Aim: a rat (65% to hit)
You shoot a sling bullet.
The sling bullet closely misses the rat.
The rat bites you.
A gnoll comes into view. It is wielding a +0 spear.
The rat bites you.
The gnoll moves out of view.
Fire: a) +3 hunting sling
Press: ? - help, Q - select action, (/) - cycle Shift-Dir - straight line, f/p - rat
Aim: a rat (65% to hit)
You shoot a sling bullet. The sling bullet hits the rat.
You kill the rat!
Kikubaaqudgha accepts your kill.
You see here a +0 dagger.
Fire: a) +3 hunting sling
Press: ? - help, Q - select action, (/) - cycle Shift-Dir - straight line, f - gnoll
Aim: a gnoll, wielding a +0 spear (wandering, hasn't noticed you, 69% to hit)
You shoot a sling bullet. The gnoll shouts!
The sling bullet hits the gnoll but does no damage.
The gnoll hits you from afar with a +0 spear.
A gnoll comes into view. It is wielding a +0 flail.
Found a mace.
The gnoll hits you with a +0 spear. The gnoll attacks as you move away!
The gnoll hits you with a +0 spear. The gnoll hits you but does no damage.
You see here a +0 dagger.
The gnoll attacks as you move away! The gnoll hits you with a +0 flail.
* * * LOW HITPOINT WARNING * * *
There is a stone staircase leading up here.
The gnoll closely misses you. The gnoll barely misses you.
You climb upwards.
There is a stone staircase leading down here.
The gnoll attacks as you move away! The gnoll barely misses you.
The gnoll attacks as you move away! The gnoll barely misses you.
The gnoll attacks as you move away! The gnoll hits you with a +0 flail!
You die...
Kikubaaqudgha rasps: "You have failed me!
Welcome... death!"

##≈☼≈≈≈≈≈≈≈##.#.#..#
#≈≈≈≈≈≈≈≈≈≈≈#.#.#..#
#≈☼≈#≈≈☼≈#≈≈#.#.#..#
#≈≈≈≈≈≈≈≈≈≈≈#.#.#..#
#≈≈≈≈≈≈≈≈≈≈≈#...#..#
##############...#..#######
..'....<....'..#..........#
.#############.#..........#
.#○≈≈≈≈≈≈≈≈≈≈#.#@.........#
.#≈≈≈≈≈§≈○≈≈≈#..g.........#
.#≈≈≈#≈≈≈≈#≈≈#............#
#####
.#≈≈☼≈≈≈≈≈≈≈≈#............#
#....
.##≈≈≈≈≈≈≈≈≈##.#>.........#
#.###
.############...........### #.#
# .# #.............#.#####.# #
.########.###.#.....###.......#
# ........#.# #.#.###.#
######### #


You could see a gnoll.

Vanquished Creatures
  2 dart slugs (D:1)
  3 endoplasms (D:1)
  A hobgoblin (D:1)
  4 jackals (D:1)
  A quokka (D:1)
  A ball python (D:1)
  2 frilled lizards (D:1)
  A kobold (D:2)
  2 rats
17 creatures vanquished.

Notes
Turn   | Place    | Note
-------+----------+-------------------------------------------
     0 | D:1      | rabbitsville the Gnoll Wanderer began the quest for the
                  | Orb.
     0 | D:1      | rabbitsville set off with the following items: a +3 hunting
                  | sling, a +0 scale mail, a scroll of fear
     0 | D:1      | Reached XP level 1. HP: 17/17 MP: 4/4
   125 | D:1      | Reached XP level 2. HP: 23/23 MP: 5/5
   132 | D:1      | Found a faded altar of an unknown god.
   150 | D:1      | Prayed at the altar of an unknown god.
   150 | D:1      | Became a worshipper of Kikubaaqudgha
   150 | D:1      | Reached * piety under Kikubaaqudgha
   150 | D:1      | Received a gift from Kikubaaqudgha
   879 | D:1      | Slain by a gnoll

Illustrated notes

Levels and vault maps discovered:
D:1:      saegor_arrival_miasma, layout_basic,
          hellmonk_ecumenical_altar_crossroads,
          nicolae_concentric_dashed_squares_wild, kennysheep_crisscross
D:2:      layout_loops_ring

Action                   || total
-------------------------++-------
Melee: Hunting sling     ||     1
 Fire: Hunting sling     ||    42
Armor: Scale mail        ||     8
Dodge: Dodged            ||    15

Table legend: (Time is in decaauts)
 A = Elapsed time spent in this place.
 B = Non-inter-level travel time spent in this place.
 C = Inter-level travel time spent in this place.
 D = Time resting spent in this place.
 E = Time spent auto-exploring this place.
 F = Levels seen in this place.
 G = Mean time per level.
                   A        B        C        D        E       F      G
               +--------+--------+--------+--------+--------+-----+--------+
         Total |    895 |    870 |     25 |     44 |    466 |   2 |  447.5 |
       Dungeon |    895 |    870 |     25 |     44 |    466 |   2 |  447.5 |
               +--------+--------+--------+--------+--------+-----+--------+

Top non-repeatable levels by time:
     D:1: 882 daAuts
     D:2: 13 daAuts
